 Dungeon Crawl Stone Soup version 0.20-a0-455-gc3b7d50 (webtiles) character file.

1113 Queen the Carver (level 8, 0/87 HPs)
             Began as a Demonspawn Berserker on Jan 10, 2017.
             Was an Elder of Trog.
             Slain by an orc warrior
             ... wielding a +0 glaive
              (17 damage)
             ... on level 6 of the Dungeon.
             The game lasted 00:30:06 (7181 turns).

Queen the Carver (Demonspawn Berserker)             Turns: 7181, Time: 00:30:07

Health: 0/87       AC:  9    Str: 23    XL:     8   Next: 12%
Magic:  8/8        EV:  8    Int:  8    God:    Trog [****..]
Gold:   259        SH:  0    Dex: 15    Spells: 7/7 levels left

rFire  + + .     SeeInvis .     C - +0 long sword
rCold  . . .     Gourm    .     o - +1 chain mail {rC+}
rNeg   . . .     Faith    .     (no shield)
rPois  .         Spirit   .     (no helmet)
rElec  .         Reflect  .     (no cloak)
rCorr  .         Harm     .     b - -1 pair of gloves
MR     ++...                    (no boots)
Stlth  ..........               (no amulet)
                                B - ring of protection from fire
                                t - ring of fire

@: berserking, lethally poisoned (0 -> 0), regenerating, very quick
A: claws 2, hooves 1, nightstalker 1
a: Berserk, Trog's Hand, Brothers in Arms, Burn Spellbooks, Renounce Religion


You were on level 6 of the Dungeon.
You worshipped Trog.
Trog was greatly pleased with you.
You were very hungry.

You visited 2 branches of the dungeon, and saw 7 of its levels.
You also visited: Ossuary.

You collected 259 gold pieces.

Inventory:

Hand Weapons
 C - a +0 long sword (weapon)
Armour
 b - a -1 pair of gloves (worn)
 o - a +1 chain mail of cold resistance (worn)
Jewellery
 a - a cursed -2 ring of protection {unknown}
 t - a ring of fire (left hand)
 B - a ring of protection from fire (right hand)
Wands
 l - a wand of lightning (3/15)
Scrolls
 e - 4 scrolls of teleportation
 i - 3 scrolls of remove curse
 m - a scroll of fog
 x - a scroll of enchant weapon {unknown}
 y - a scroll of recharging {unknown}
Potions
 d - a potion of brilliance {unknown}
 f - 4 potions of curing
 j - a potion of ambrosia {unknown}
 k - a potion of degeneration {unknown}
 p - 3 potions of lignification {unknown}
 q - 2 potions of mutation {unknown}
 s - 5 potions of might
 u - 2 potions of haste {unknown}
 w - a potion of cancellation {unknown}
 z - 4 potions of agility {unknown}
Books
 h - a book of Minor Magic

   Spells                             Type                      Level
   a - Magic Dart                     Conjuration                  1
   b - Blink                          Translocation                2
   c - Call Imp                       Summoning                    2
   d - Repel Missiles                 Charms/Air                   2
   e - Slow                           Hexes                        2
   f - Conjure Flame                  Conjuration/Fire             3
   g - Mephitic Cloud                 Conjuration/Poison/Air       3
   Trog disapproves of the use of such an item.
Comestibles
 c - 2 bread rations
 g - 5 meat rations
 n - a slice of pizza
 r - 5 fruits
 v - 2 beef jerkies
 A - 4 chunks of flesh


   Skills:
 - Level 3.1 Fighting
 + Level 9.2 Long Blades
 - Level 1.7 Armour
 - Level 1.7 Dodging


You had 7 spell levels left.
You didn't know any spells.

Dungeon Overview and Level Annotations

Branches:
Dungeon (6/15)             Temple (1/1) D:4

Altars:
Ashenzari
Cheibriados
Dithmenos
Elyvilon
Gozag
Hepliaklqana
Kikubaaqudgha
Makhleb
Nemelex Xobeh
Okawaru
Qazlal
Ru
Sif Muna
Trog
Uskayaw
Vehumet
Yredelemnul
Zin
The Shining One


Innate Abilities, Weirdness & Mutations

You have very sharp fingernails.
You have large cloven feet.
You are slightly more attuned to the shadows.


Message History

You feel sick.
A crimson imp comes into view.
The crimson imp shouts!
You hit the orc. You kick the orc, but do no damage.
The orc is severely wounded.
You feel sick. The orc hits you with a whip.
* * * LOW HITPOINT WARNING * * *
The orc barely misses you.
You closely miss the orc.
The orc is heavily wounded.
You feel sick.
The orc warrior hits you from afar with a glaive.
* * * LOW HITPOINT WARNING * * *
The orc hits you but does no damage. x2; The crimson imp blinks!
A red film seems to cover your vision as you go berserk!
You feel yourself moving faster!
You feel mighty!
You are feeling very hungry.
You feel sick.
The orc warrior hits you from afar with a glaive!
You die...

..# #... ..
#5o #.##..
..#.# #.#o#
#######.#o#
#.......@o#
#.###.#...#
#.....#...#
#####.#...#
#.#.#.#
#.#.#.#
#.#.#>#
#####.# ###
.#####...#.#


You could see an orc warrior, an orc wizard, a crimson imp and 2 orcs.

Vanquished Creatures
  A phantom (D:5)
  A bullfrog (D:6)
  2 elf zombies (Ossuary)
  2 centaur zombies (Ossuary)
  A crimson imp (D:6)
  2 orc priests
  A bullfrog skeleton (D:5)
  2 human zombies (Ossuary)
  A jelly (D:5)
  4 orc wizards
  6 worker ants
  3 mummies
  9 adders
  A shadow imp (D:5)
  An adder skeleton (D:4)
  5 worms
  A dart slug (D:3)
  7 leopard geckos
  20 orcs
  A ball python (D:4)
  3 bats
  3 giant cockroaches
  11 goblins
  9 hobgoblins
  11 jackals
  6 kobolds
  3 quokkas
  4 frilled lizards
  2 gnoll zombies (D:2)
  A goblin zombie (Ossuary)
  11 hobgoblin zombies (Ossuary)
  3 jackal zombies (Ossuary)
  8 kobold zombies (Ossuary)
  7 orc zombies (Ossuary)
  11 rats
164 creatures vanquished.

Notes
Turn   | Place    | Note
-------+----------+-------------------------------------------
     0 | D:1      | Queen the Demonspawn Berserker began the quest for the Orb.
     0 | D:1      | Reached XP level 1. HP: 18/18 MP: 1/1
    81 | D:1      | Reached skill level 3 in Long Blades
   204 | D:1      | Gained mutation: You have large cloven feet. [demonic ancestry]
   204 | D:1      | Reached XP level 2. HP: 19/24 MP: 2/2
   571 | D:2      | Gained mutation: You have sharp fingernails. [demonic ancestry]
   571 | D:2      | Reached XP level 3. HP: 29/29 MP: 3/3
   852 | D:2      | Reached skill level 4 in Long Blades
   868 | D:2      | Reached ** piety under Trog
   883 | D:2      | Found a basalt altar of Yredelemnul.
  1121 | D:3      | Found an iron altar of Okawaru.
  1162 | D:3      | Found a basalt altar of Yredelemnul.
  1224 | D:3      | Reached XP level 4. HP: 22/35 MP: 4/4
  1434 | D:3      | Reached skill level 5 in Long Blades
  1434 | D:3      | Gained mutation: You have very sharp fingernails. [demonic ancestry]
  1434 | D:3      | Reached XP level 5. HP: 39/41 MP: 5/5
  1453 | D:3      | HP: 1/41 [orc wizard/magic dart (9)]
  2412 | D:3      | Reached skill level 6 in Long Blades
  2488 | D:3      | Reached *** piety under Trog
  2502 | D:3      | Found a stormy altar of Qazlal.
  2815 | D:4      | Reached XP level 6. HP: 34/47 MP: 6/6
  2936 | D:4      | Found a sand-covered staircase.
  2946 | Ossuary  | Entered an ossuary
  3230 | Ossuary  | Reached skill level 7 in Long Blades
  3282 | Ossuary  | Gained mutation: You are slightly more attuned to the shadows. [demonic ancestry]
  3282 | Ossuary  | Reached XP level 7. HP: 36/52 MP: 7/7
  3501 | D:4      | Found a glowing golden altar of the Shining One.
  3516 | D:4      | Found a deep blue altar of Sif Muna.
  4120 | D:4      | Found a sacrificial altar of Ru.
  4291 | D:4      | Reached skill level 8 in Long Blades
  4928 | D:4      | Found a staircase to the Ecumenical Temple.
  5043 | Temple   | Entered the Ecumenical Temple
  5459 | D:5      | Entered Level 5 of the Dungeon
  5665 | D:5      | Noticed a moth of wrath
  5668 | D:5      | Found a bloodstained altar of Trog.
  5763 | D:5      | Found a snail-covered altar of Cheibriados.
  5784 | D:5      | Reached **** piety under Trog
  6014 | D:5      | Found a sparkling altar of Nemelex Xobeh.
  6569 | D:5      | Found a shadowy altar of Dithmenos.
  7145 | D:6      | Reached skill level 9 in Long Blades
  7145 | D:6      | Reached XP level 8. HP: 50/58 MP: 8/8
  7181 | D:6      | Slain by an orc warrior

Vault maps used:
D:1:      dpeg_arrival_connections
D:2:      lemuel_zombie_altar_yredelemnul, serial_glass, glass_columns_b,
          glass_columns_a
D:3:      old_standard_altar, nicolae_qazlal_general_emergency,
          gup_sewer_entry_spiral, minivault_26, yredelemnul_altar_generic
D:4:      nicolae_ru_path_of_blood, nicolae_overflow_hidden_temple,
          gup_ossuary_entry_pyramid, first_bread, tso_metal_star
D:5:      grunt_dithmenos_shadows, tgw_trog, kennysheep_mini,
          nemelex_xobeh_ov_fountains_minmay
D:6:      corexii_shack_village
Temple:   compressed_dpeg_triangle_lava_temple
Ossuary:  ossuary_tomb_1

Skill      XL: |  1  2  3  4  5  6  7 |
---------------+----------------------+-----
Long Blades    | 3 4 5 6 7 9 |  9.2
Fighting       | |  3.1
Armour         | |  1.7
Dodging        | |  1.7

Action                   |  1- 3 |  4- 6 |  7- 9 || total
-------------------------+-------+-------+-------++-------
Melee: Falchion          |   145 |   371 |   312 ||   828
       Kick              |    32 |   135 |   125 ||   292
       Long sword        |       |       |    37 ||    37
Invok: Berserk           |     1 |     2 |     2 ||     5
       Trog's Hand       |       |     6 |     2 ||     8
  Use: Scroll            |     5 |       |     5 ||    10
  Eat: Chunk             |     2 |     8 |    15 ||    25
       Fruit             |       |     4 |       ||     4
Armor: Ring mail         |     8 |       |       ||     8
       Animal skin       |     2 |       |       ||     2
       Chain mail        |    66 |   202 |   145 ||   413
Dodge: Dodged            |    69 |   114 |    95 ||   278
       Rpst.: Falchion   |    25 |    41 |    20 ||    86
       Long sword        |       |       |     2 ||     2
